 Dungeon Crawl Stone Soup version 0.31-a0-188-g5e087ee2ca (webtiles) character file.

Game seed: 8448624571797223184

170 qw the Skirmisher (level 5, -2/29 HPs)
             Began as a Deep Elf Hunter on June 23, 2023.
             Slain by a lemure (6 damage)
             ... led by Pikel
             ... on level 4 of the Dungeon.
             The game lasted 00:00:58 (2191 turns).

qw the Skirmisher (Deep Elf Hunter)                 Turns: 2191, Time: 00:00:58

Health: -2/29      AC:  9    Str: 10    XL:     5   Next: 26%
Magic:  7/7        EV: 11    Int: 14    God:
Gold:   183        SH:  0    Dex: 18    Spells: 4/4 levels left

rFire   . . .        Y - +1 shortbow
rCold   . . .        (shield currently unavailable)
rNeg    . . .        b - +0 ring mail
rPois   .            (no helmet)
rElec   .            (no cloak)
rCorr   .            (no gloves)
SInv    .            (no boots)
Will    .....        (no amulet)
Stlth   +            f - +4 ring of protection
HPRegen 0.24/turn    (no ring)
MPRegen 0.10/turn

%: no passive effects
@: about to teleport
A: no striking features
a: no special abilities


You were on level 4 of the Dungeon.
You visited 1 branch of the dungeon, and saw 4 of its levels.

You collected 183 gold pieces.


   Skills:
 - Level 1.5 Fighting
 + Level 8.7 Ranged Weapons
 - Level 2.4 Dodging
 - Level 1.2 Stealth


You had 4 spell levels left.
You didn't know any spells.
Your spell library was empty.

Inventory:

Hand Weapons
 Y - a +1 shortbow (weapon)
Armour
 b - a +0 ring mail (worn)
 g - a +3 ring mail of fire resistance
Jewellery
 f - a +4 ring of protection (left hand)
Potions
 a - a potion of invisibility {unknown}
 c - a potion of degeneration {unknown}
 e - a potion of mutation {unknown}
 h - a potion of enlightenment {unknown}

Dungeon Overview and Level Annotations

Branches:
Dungeon (4/15)
 Temple: D:4-7

Altars:
Elyvilon
Gozag

Annotations:
D:4 Pikel


Message History

The lemure is severely wounded.
The lemure barely misses you. The lemure hits you but does no damage.
The lemure closely misses you.
You shoot an arrow. The arrow barely misses the lemure.
The lemure hits you but does no damage. x2; The lemure barely misses you.
The lemure hits you. The lemure hits you but does no damage.
Pikel, Merchant of Souls comes into view.
He is wielding a +2 whip of freezing.
The lemure hits you but does no damage.
You shoot an arrow.
Pikel shouts!
The arrow hits the lemure!
The lemure is almost dead.
The lemure barely misses you. x2; The lemure hits you.
You shoot an arrow.
The arrow hits the lemure but does no damage.
The lemure is almost dead.
The lemure closely misses you. The lemure hits you. x2
You shoot an arrow. The arrow completely misses the lemure.
The lemure hits you. The lemure misses you. The lemure barely misses you.
You shoot an arrow.
The arrow hits the lemure but does no damage.
The lemure is almost dead.
The lemure hits you.
Pikel cracks his whip.
The lemure barely misses you. The lemure hits you but does no damage.
You shoot an arrow. The arrow barely misses the lemure.
The lemure closely misses you. x2; The lemure misses you.
You shoot an arrow. The arrow hits the lemure!
You kill the lemure!
That felt strangely unrewarding.
The lemure hits you but does no damage. The lemure hits you!
2190 ||| READING scroll of teleportation.
As you read the scroll of teleportation, it crumbles to dust.
You feel strangely unstable. The lemure closely misses you.
The lemure barely misses you.
You shoot an arrow.
The arrow hits Pikel but does no damage.
The lemure closely misses you. Pikel hits you but does no damage.
The lemure hits you.
You die...

######.. ######
#...... ...... #......
...... #.....! ......
#....w######## ......
#....g#......# ......
#...55#......# ......
#...K@#......# ......
#.....######.# ......
######.....#.#########
#.....#..........
#.....#..........
#.....#..........
#.....#......##..
####'#######'##..
#............##..


You could see Pikel, 2 lemures, a dart slug and a hobgoblin.

Vanquished Creatures
  2 lemures (D:4)
  Ijyb (D:4)
  Natasha (D:1)
  Terence (D:3)
  2 adders (D:2)
  2 worms
  4 dart slugs
  An orc (D:3)
  4 ball pythons
  7 bats
  2 endoplasms
  A giant cockroach (D:3)
  3 goblins
  5 hobgoblins
  6 jackals (D:1)
  7 kobolds
  3 quokkas
  5 frilled lizards
  7 rats
64 creatures vanquished.

Notes
Turn   | Place    | Note
-------+----------+-------------------------------------------
     0 | D:1      | qw the Deep Elf Hunter began the quest for the Orb.
     0 | D:1      | Reached XP level 1. HP: 12/12 MP: 3/3
     0 | D:1      | 0 ||| qw: Version: 0.3-a-9-g12657ce
     0 | D:1      | 0 ||| qw: Game counter: 3177
     0 | D:1      | 0 ||| qw: Always use a shield: true
     0 | D:1      | 0 ||| qw: God list: Okawaru
     0 | D:1      | 0 ||| qw: Allow faded altars: false
     0 | D:1      | 0 ||| qw: Do Orc after D:15 true
     0 | D:1      | 0 ||| qw: Do second Lair branch before Depths: true
     0 | D:1      | 0 ||| qw: Lair rune preference: random
     0 | D:1      | 0 ||| qw: Plans: Normal
     0 | D:1      | 0 ||| PLANNING D:1-11
   208 | D:1      | Reached skill level 6 in Ranged Weapons
   208 | D:1      | Reached XP level 2. HP: 14/16 MP: 4/4
   701 | D:1      | Reached XP level 3. HP: 20/20 MP: 5/5
   888 | D:1      | 888 ||| READING scroll labelled CUEL EHYESUE.
   889 | D:1      | 889 ||| READING scroll labelled GULIUNNUROV.
   890 | D:1      | 890 ||| READING scroll labelled ORIPHO VIMUATON.
   891 | D:1      | 891 ||| READING scroll labelled QEMUOST PIFUH.
   895 | D:1      | 895 ||| DROPPING scroll of butterflies.
   919 | D:2      | 919 ||| STAIRDANCE
   919 | D:2      | Noticed Natasha
   961 | D:2      | 961 ||| STAIRDANCE
  1000 | D:2      | 1000 ||| STAIRDANCE
  1106 | D:2      | 1106 ||| STAIRDANCE
  1110 | D:1      | Killed Natasha
  1111 | D:1      | Reached skill level 7 in Ranged Weapons
  1145 | D:2      | Reached XP level 4. HP: 25/25 MP: 6/6
  1394 | D:2      | Found an opulent altar of Gozag.
  1505 | D:2      | 1505 ||| UPGRADING to +0 ring mail.
  1515 | D:2      | 1515 ||| DROPPING +0 leather armour.
  1516 | D:2      | 1516 ||| UPGRADING to +4 ring of protection.
  1517 | D:2      | 1517 ||| READING scroll labelled FIKEYK IGREM.
  1519 | D:2      | 1519 ||| Stepping ~*~*~tactically~*~*~ (cloud).
  1524 | D:2      | HP: 6/25 [poisoned by you (poison gas)]
  1644 | D:3      | Noticed Terence
  1650 | D:3      | Killed Terence
  1651 | D:3      | Reached skill level 8 in Ranged Weapons
  1723 | D:3      | Found a white marble altar of Elyvilon.
  2069 | D:4      | Reached XP level 5. HP: 29/29 MP: 7/7
  2094 | D:4      | Noticed Ijyb
  2102 | D:4      | Paralysed by Ijyb for 2 turns
  2107 | D:4      | Paralysed by Ijyb for 2 turns
  2111 | D:4      | Killed Ijyb
  2171 | D:4      | Noticed a lemure
  2171 | D:4      | Noticed a lemure
  2173 | D:4      | Noticed a lemure
  2175 | D:4      | Noticed a lemure
  2180 | D:4      | Killed a lemure
  2183 | D:4      | Noticed Pikel
  2189 | D:4      | Killed a lemure
  2189 | D:4      | HP: 3/29 [lemure[Pikel] (7)]
  2190 | D:4      | 2190 ||| READING scroll of teleportation.
  2191 | D:4      | Slain by a lemure

Levels and vault maps discovered:
D:1:      minmay_arrival_solitary_statue, layout_loops_corners,
          minmay_tromino_v4_a
D:2:      layout_rooms, basic_altar, uniq_natasha
D:3:      layout_rooms, mainiacjoe_overflow_paths, kennysheep_another_room,
          uniq_terence
D:4:      layout_gridville, chei_slow_surprise, uniq_ijyb, uniq_pikel

Skill      XL: |  1  2  3  4 |
---------------+-------------+-----
Ranged Weapons | 6 7 8 |  8.7
Fighting       | |  1.5
Dodging        | |  2.4
Stealth        | |  1.2

Action                     |  1- 3 |  4- 6 || total
---------------------------+-------+-------++-------
   Fire: Shortbow          |   111 |   109 ||   220
    Use: Scroll            |     4 |     2 ||     6
 Armour: Leather armour    |    24 |    14 ||    38
         Ring mail         |       |    21 ||    21
  Dodge: Dodged            |    48 |    47 ||    95

Table legend:
 A = Non-vault XP
 B = Vault XP
 C = Vault XP percentage of total XP
 D = Non-vault monster count
 E = Vault monster count
 F = Vault count percentage of total count
                 A         B        C        D         E       F
            +---------+---------+-------+---------+---------+-------
      Total |     123 |     121 |  49.6 |      55 |       7 |  11.3
            +---------+---------+-------+---------+---------+-------
        D:1 |      43 |      47 |  52.2 |      26 |       5 |  16.1
        D:2 |      57 |       0 |   0.0 |      18 |       0 |   0.0
        D:3 |      12 |      36 |  75.0 |       7 |       1 |  12.5
        D:4 |      11 |      38 |  77.6 |       4 |       1 |  20.0
            +---------+---------+-------+---------+---------+-------
